 Dungeon Crawl Stone Soup version 0.19.5 (webtiles) character file.

705 Locuples the Cleaver (level 7, -3/59 HPs)
             Began as a Minotaur Fighter on May 5, 2017.
             Was a Follower of Okawaru.
             Slain by a killer bee (6 damage)
             ... on level 4 of the Dungeon.
             The game lasted 00:07:42 (2550 turns).

Locuples the Cleaver (Minotaur Fighter)             Turns: 2550, Time: 00:07:42

Health: -3/59      AC:  8    Str: 23    XL:     7   Next: 39%
Magic:  6/6        EV:  7    Int:  5    God:    Okawaru [*.....]
Gold:   117        SH:  9    Dex:  9    Spells: 0 memorised, 6 levels left

rFire  . . .     SeeInvis .     a - +0 war axe
rCold  . . .     Gourm    .     b - +0 scale mail
rNeg   . . .     Faith    .     c - +0 shield
rPois  +         Spirit   .     (helmet restricted)
rElec  .         Reflect  .     v - +0 cloak
rCorr  .         Harm     .     (no gloves)
MR     .....                    (no boots)
Stlth  ..........               (no amulet)
                                m - ring of poison resistance
                                l - +1 ring of slaying

@: lethally poisoned (-3 -> -5)
A: retaliatory headbutt, horns 2
a: Heroism, Renounce Religion


You were on level 4 of the Dungeon.
You worshipped Okawaru.
Okawaru was aware of your devotion.
You were hungry.

You visited 1 branch of the dungeon, and saw 4 of its levels.
You also visited: Sewer.

You collected 117 gold pieces.

Inventory:

Hand Weapons
 a - a +0 war axe (weapon)
Armour
 b - a +0 scale mail (worn)
 c - a +0 shield (worn)
 v - a +0 cloak (worn)
Jewellery
 l - a +1 ring of slaying (left hand)
 m - a ring of poison resistance (right hand)
 r - an uncursed amulet of faith {unknown}
Wands
 y - a wand of iceblast (8/15)
Scrolls
 g - 2 scrolls of magic mapping {unknown}
 h - a scroll of random uselessness {unknown}
 j - 2 scrolls of remove curse {unknown}
 k - 3 scrolls of identify {unknown}
 n - 3 scrolls of teleportation
 o - a scroll of fear {unknown}
 t - 2 scrolls of enchant armour {unknown}
 x - a scroll of blinking {unknown}
 A - a scroll of fog {unknown}
Potions
 d - 3 potions of might
 e - a potion of heal wounds {unknown}
 i - a potion of cure mutation {unknown}
 s - a potion of curing {unknown}
 u - 2 potions of ambrosia {unknown}
 z - 4 potions of flight
Comestibles
 f - 5 bread rations
 p - a meat ration
 q - a slice of pizza
 w - a beef jerky


   Skills:
 + Level 4.2 Fighting
 * Level 9.5 Axes
 + Level 4.2 Armour
 - Level 3.6 Shields


You had 6 spell levels left.
You didn't know any spells.

Dungeon Overview and Level Annotations

Branches:
Dungeon (4/15)
 Temple: D:4-7

Altars:
Ashenzari
Dithmenos
Gozag
Nemelex Xobeh
Okawaru
Trog
Vehumet


Innate Abilities, Weirdness & Mutations

You reflexively headbutt those who attack you in melee.
You have a pair of horns on your head.


Message History

You block the killer bee's attack. The killer bee stings you.
* * * LOW HITPOINT WARNING * * *
You barely miss the killer bee.
The killer bee is almost dead.
You feel sick. You block the killer bee's attack.
The killer bee barely misses you.
You hit the killer bee.
You kill the killer bee!
Okawaru accepts your kill. The killer bee stings you.
* * * LOW HITPOINT WARNING * * *
You closely miss the killer bee.
You feel sick. You block the killer bee's attack.
The killer bee barely misses you. You furiously retaliate!
You headbutt the killer bee! The killer bee stings you.
* * * LOW HITPOINT WARNING * * *
You hit the killer bee. Your headbutt misses the killer bee.
The killer bee is severely wounded.
The killer bee stings you.
You die...

##...##
##.##
#.# #.#
#.# #.#
##.#
#>.#
#@##
#y# #.#
#.# #..
... ###


You could see a killer bee.

Vanquished Creatures
  The ghost of happy2pester the Skirmisher, an amateur HOFi (D:3)
  An ogre (D:3)
  5 killer bees (D:4)
  Crazy Yiuf (D:3)
  Ijyb (D:2)
  Natasha (D:3)
  A siren (Sewer)
  A merfolk avatar (Sewer)
  5 adders
  3 river rats
  An ooze (D:2)
  5 worms
  3 dart slugs
  A leopard gecko (D:3)
  10 giant cockroaches
  4 goblins
  4 hobgoblins
  10 jackals
  A quokka (D:2)
  12 ball pythons
  7 bats
  10 frilled lizards
  7 kobolds
  22 rats
117 creatures vanquished.

Notes
Turn   | Place    | Note
-------+----------+-------------------------------------------
     0 | D:1      | Locuples the Minotaur Fighter began the quest for the Orb.
     0 | D:1      | Reached XP level 1. HP: 19/19 MP: 0/0
   184 | D:1      | Reached skill level 3 in Axes
   226 | D:1      | Reached XP level 2. HP: 25/26 MP: 1/1
   914 | D:2      | Reached skill level 4 in Axes
   915 | D:2      | Reached XP level 3. HP: 24/31 MP: 2/2
   952 | D:2      | Reached skill level 5 in Axes
  1013 | D:2      | Reached XP level 4. HP: 34/39 MP: 3/3
  1088 | D:2      | Noticed Ijyb
  1099 | D:2      | Killed Ijyb
  1293 | D:2      | Found a radiant altar of Vehumet.
  1295 | D:2      | Found a sparkling altar of Nemelex Xobeh.
  1298 | D:2      | Found a shattered altar of Ashenzari.
  1299 | D:2      | Found an iron altar of Okawaru.
  1299 | D:2      | Found a bloodstained altar of Trog.
  1302 | D:2      | Found an opulent altar of Gozag.
  1305 | D:2      | Found a shadowy altar of Dithmenos.
  1309 | D:2      | Became a worshipper of Warmaster Okawaru
  1436 | D:3      | Reached skill level 6 in Axes
  1437 | D:3      | Noticed Natasha
  1440 | D:3      | Killed Natasha
  1440 | D:3      | Reached XP level 5. HP: 45/45 MP: 4/4
  1451 | D:3      | Noticed happy2pester's ghost (amateur HOFi)
  1464 | D:3      | Killed happy2pester's ghost
  1464 | D:3      | Reached skill level 7 in Axes
  1583 | D:3      | Noticed an ogre
  1832 | D:3      | Found a runed door.
  1836 | D:3      | Noticed Crazy Yiuf
  1843 | D:3      | Killed Crazy Yiuf
  1843 | D:3      | Reached XP level 6. HP: 22/52 MP: 5/5
  1915 | D:3      | Reached * piety under Okawaru
  1915 | D:3      | Reached skill level 8 in Axes
  1952 | D:3      | Found a glowing drain.
  1969 | Sewer    | Entered a sewer
  2519 | D:4      | Reached skill level 9 in Axes
  2519 | D:4      | Reached XP level 7. HP: 44/59 MP: 6/6
  2550 | D:4      | Slain by a killer bee

Skill      XL: |  1  2  3  4  5  6  7 |
---------------+----------------------+-----
Axes           | 3 4 5 6 7 9 |  9.5
Fighting       | 4 |  4.2
Armour         | 4 |  4.2
Shields        | |  3.6

Action                   |  1- 3 |  4- 6 |  7- 9 || total
-------------------------+-------+-------+-------++-------
Melee: War axe           |    60 |   178 |    31 ||   269
       Headbutt          |    16 |    29 |       ||    45
  Eat: Chunk             |       |     5 |       ||     5
Armor: Scale mail        |    35 |    83 |    14 ||   132
Dodge: Dodged            |    19 |    56 |    13 ||    88
Block: Shield            |    27 |    97 |    24 ||   148
